 Dungeon Crawl Stone Soup version 0.30-a0-43-gbbf338a72c (webtiles) character file.

Game seed: 6358430198786361309

122 LnG the Trooper (level 5, -1/70 HPs)
             Began as a Hill Orc Fighter on Aug 31, 2022.
             Slain by a killer bee (2 damage)
             ... on level 3 of the Dungeon.
             The game lasted 00:08:05 (2510 turns).

LnG the Trooper (Hill Orc Fighter)                  Turns: 2510, Time: 00:08:06

Health: -1/70      AC: 22    Str: 21    XL:     5   Next: 6%
Magic:  5/5        EV:  2    Int:  8    God:
Gold:   157        SH:  4    Dex: 10    Spells: 4/4 levels left

rFire   . . .      SeeInvis .    a - +0 war axe
rCold   . . .      Faith    .    c - +0 buckler
rNeg    . . .      Spirit   .    (body armour currently unavailable)
rPois   +          Reflect  .    (helmet currently unavailable)
rElec   .          Harm     .    (cloak currently unavailable)
rCorr   .          Rampage  .    (gloves currently unavailable)
Will    .....      NoTele   +    (boots currently unavailable)
Stlth   +.........               (no amulet)
HPRegen 0.21/turn                o - +4 ring of evasion
MPRegen 0.09/turn                (no ring)

@: tree-form
A: stationary, stasis, torment immunity, boosted hp
a: no special abilities


You were on level 3 of the Dungeon.
You were a tree.
You visited 1 branch of the dungeon, and saw 4 of its levels.

You collected 157 gold pieces.

Inventory:

Hand Weapons
 a - a +0 war axe (weapon)
Armour
 c - a +0 buckler (worn)
 f - a +0 plate armour (melded)
 m - a +0 pair of boots (melded)
Jewellery
 o - a +4 ring of evasion (left branch)
Wands
 r - a wand of paralysis (8)
Scrolls
 h - a scroll of fear
 i - a scroll of enchant weapon {unknown}
 k - a scroll of identify
 l - a scroll of enchant armour {unknown}
 q - a scroll of teleportation {unknown}
Potions
 b - a potion of invisibility {unknown}
 d - a potion of might
 e - a potion of lignification
 g - a potion of brilliance {unknown}
 j - 2 potions of cancellation {unknown}
 n - a potion of curing
 p - a potion of magic {unknown}


   Skills:
 + Level 4.6 Fighting
 + Level 4.2 Axes
 + Level 4.1 Armour
 + Level 0.1 Stealth
 + Level 4.1 Shields


You had 4 spell levels left.
You didn't know any spells.
Your spell library contained the following spells:

 Spells                   Type           Power      Damage    Failure   Level
 Animate Dead             Necr           0%         N/A       99%         4
 Borgnjor's Vile Clutch   Necr/Erth      0%         N/A       100%        5
 Death Channel            Necr           0%         N/A       100%        6


Dungeon Overview and Level Annotations

Branches:
Dungeon (4/15)
 Temple: D:4-7

Altars:
Fedhas

Shops:
D:2 :


Message History

The killer bee is lightly wounded.
* * * LOW HITPOINT WARNING * * *
You feel very sick. The killer bee closely misses you.
The killer bee stings you.
* * * LOW HITPOINT WARNING * * *
The killer bee stings you but does no damage.
As you read the scroll of fear, it crumbles to dust.
You assume a fearsome visage.
The killer bee looks frightened!
The adder looks frightened!
* * * LOW HITPOINT WARNING * * *
You feel sick.
* * * LOW HITPOINT WARNING * * *
You feel sick.
* * * LOW HITPOINT WARNING * * *
You feel sick.
* * * LOW HITPOINT WARNING * * *
You feel sick.
Cornered, the killer bee turns to fight!
It was a potion of curing.
You feel better.
Found a stone staircase leading down.
You turn into a tree.
Your +0 pair of boots melds into your body.
Your +0 plate armour melds into your body.
Your roots penetrate the ground.
The killer bee stings you.
* * * LOW HITPOINT WARNING * * *
The killer bee stings you but does no damage.
You barely miss the killer bee.
The killer bee is lightly wounded.
The killer bee stings you.
* * * LOW HITPOINT WARNING * * *
The killer bee completely misses you. The killer bee stings you.
* * * LOW HITPOINT WARNING * * *
You closely miss the killer bee.
The killer bee is lightly wounded.
The killer bee stings you but does no damage. x2
You slash the killer bee!
The killer bee is severely wounded.
You block the killer bee's attack. The killer bee completely misses you.
The killer bee stings you.
You die...

###...
#......###............#
###. # #......##..........#
(##.#..................#
............##.........#
##.....>....#.........#####
##.......#................
..................[....#..#
..........y....).........##
.....$####♣............##..
.......>...................
.......####................
...... ...###.....#......
... ....###...))##.....
...##.....).)...... ..
#..............
#........#.....
#........##....


You could see a killer bee.

Vanquished Creatures
  An orc wizard (D:2)
  A gnoll (D:1)
  3 adders
  A dart slug (D:1)
  10 orcs
  3 endoplasms
  4 goblins
  2 hobgoblins (D:2)
  3 quokkas
  4 ball pythons
  5 bats
  2 frilled lizards
  4 kobolds
  6 rats
49 creatures vanquished.

Notes
Turn   | Place    | Note
-------+----------+-------------------------------------------
     0 | D:1      | LnG the Hill Orc Fighter began the quest for the Orb.
     0 | D:1      | Reached XP level 1. HP: 19/19 MP: 1/1
   226 | D:1      | Reached XP level 2. HP: 27/27 MP: 2/2
   783 | D:1      | Reached XP level 3. HP: 18/33 MP: 3/3
  1808 | D:2      | Found a blossoming altar of Fedhas.
  1854 | D:2      | Found a faded altar of an unknown god.
  1875 | D:2      | Found Menimogh's Book Shop.
  2179 | D:2      | Reached XP level 4. HP: 36/40 MP: 4/4
  2424 | D:3      | Reached XP level 5. HP: 45/47 MP: 5/5
  2438 | D:3      | Identified the +6 flail of Fedhas's Wrath {protect, rC+ rN+
                  | Int+4 Dex+4}
  2502 | D:3      | HP: 2/47 [poisoned by a killer bee]
  2508 | D:3      | HP: 1/70 [killer bee (6)]
  2510 | D:3      | Slain by a killer bee

Illustrated notes

Levels and vault maps discovered:
D:1:      dpeg_arrival_signposts, layout_basic
D:2:      layout_basic, serial_shops, shop, basic_altar,
          shapermc_ecumenical_altar_pompeii
D:3:      layout_rooms, st_stairs_6
D:4:      layout_basic, slow_altar_2, mainiacjoe_overflow_tiny_flanked,
          kennysheep_generic_room_12, uniq_menkaure, uniq_eustachio

Skill      XL: |  1  2  3  4 |
---------------+-------------+-----
Axes           | 3 4 |  4.2
Shields        | 4 |  4.1
Fighting       | 4 |  4.6
Armour         | 4 |  4.1
Stealth        | |  0.1

Action                   |  1- 3 |  4- 6 || total
-------------------------+-------+-------++-------
Melee: War axe           |    80 |    44 ||   124
  Use: Scroll            |     4 |     1 ||     5
       Potion            |       |     2 ||     2
Armor: Scale mail        |     3 |       ||     3
       Plate armour      |    63 |    52 ||   115
       Skin              |       |     3 ||     3
Dodge: Dodged            |    25 |    42 ||    67
Block: Buckler           |    19 |    23 ||    42

Table legend: (Time is in decaauts)
 A = Elapsed time spent in this place.
 B = Non-inter-level travel time spent in this place.
 C = Inter-level travel time spent in this place.
 D = Time resting spent in this place.
 E = Time spent auto-exploring this place.
 F = Levels seen in this place.
 G = Mean time per level.
                   A        B        C        D        E       F      G
               +--------+--------+--------+--------+--------+-----+--------+
         Total |   2561 |   2407 |    154 |    551 |    865 |   4 |  640.2 |
       Dungeon |   2561 |   2407 |    154 |    551 |    865 |   4 |  640.2 |
               +--------+--------+--------+--------+--------+-----+--------+

Top non-repeatable levels by time:
     D:1: 1378 daAuts
     D:2: 1004 daAuts
     D:3: 176 daAuts
     D:4: 1 daAuts
